Map: [ESL] Site Delta

Players

Cham - Winner!

  • Race: Zerg Zerg
  • Spawn Location: 5:00

MaSa

  • Race: Terran Terran
  • Spawn Location: 11:00

Event: ESL SC2 Masters 2023 Winter (Regional)

VOD

Have the link to the VOD?

Description

Time

  • Played on: Nov. 2, 2023, 1:57 p.m.
  • Length: 15:41

All games in this series

Show
View Real Time Build Order
Export as new Build Order

Cham Zerg - Winner!

Build Orders: Pool First 

Get SALT Encoding   

  12  0:00  Drone  
  13  0:13  Overlord  
  13  0:16  Drone  
  14  0:31  Drone x2  
  16  0:40  Spawning Pool  
  15  0:43  Drone  
  15  0:47  Drone  
  17  1:08  Hatchery  
  17  1:10  Drone  
  17  1:14  Extractor  
  17  1:15  Drone  
  17  1:19  Drone  
  18  1:28  Queen  
  18  1:31  Zergling x2  
  21  1:40  Zergling x2  
  22  1:49  Overlord  
  22  2:07  Queen  
  24  2:09  Drone  
  24  2:13  Drone  
  26  2:18  Metabolic Boost  
  26  2:21  Drone, Queen  
  29  2:25  Drone  
  30  2:32  Drone  
  31  2:39  Drone  
  31  2:40  Drone x3  
  31  2:41  Drone  
  36  2:56  Hatchery  
  35  3:07  Overlord  
  35  3:09  Extractor, Queen  
  35  3:11  Overlord  
  36  3:34  Drone x4  
  36  3:39  Drone x5  
  44  3:41  Drone  
  44  3:46  Queen  
  44  3:48  Overlord  
  46  3:49  Overlord  
  46  3:50  Drone  
  46  3:52  Drone  
  48  3:57  Drone x2  
  50  4:05  Overlord  
  50  4:07  Drone  
  51  4:10  Zergling x2  
  52  4:17  Zergling x2  
  52  4:18  Zergling x2, Drone x2  
  52  4:19  Drone  
  52  4:20  Drone  
  52  4:22  Queen  
  52  4:23  Lair  
  60  4:29  Drone x2, Roach Warren  
  61  4:31  Drone  
  61  4:32  Drone  
  61  4:33  Drone  
  61  4:35  Overlord  
  63  4:39  Drone  
  63  4:42  Drone x2  
  66  4:47  Overlord  
  66  4:49  Zergling x2  
  66  4:50  Zergling x2  
  68  4:53  Overlord  
  68  4:57  Drone, Spore Crawler  
  68  4:58  Drone x4  
  68  4:59  Overlord  
  72  5:00  Extractor  
  72  5:01  Drone  
  72  5:03  Drone  
  72  5:06  Drone  
  73  5:10  Spore Crawler  
  73  5:13  Drone  
  73  5:14  Overlord  
  73  5:20  Spore Crawler  
  70  5:22  Drone x2  
  70  5:23  Drone  
  70  5:27  Hatchery  
  70  5:28  Extractor x2, Evolution Chamber  
  71  5:29  Drone, Evolution Chamber  
  71  5:30  Drone  
  71  5:35  Roach x4  
  78  5:39  Drone x3  
  81  5:43  Glial Reconstitution  
  81  5:46  Overlord x2  
  81  5:47  Overlord  
  81  5:53  Hatchery  
  81  5:56  Overlord x2  
  80  6:00  Zerg Ground Armor Level 1  
  80  6:01  Overlord  
  81  6:12  Extractor  
  81  6:14  Drone x3  
  81  6:15  Drone x2  
  81  6:17  Drone x2  
  81  6:18  Drone, Baneling Nest  
  88  6:19  Zerg Missile Weapons Level 1  
  88  6:20  Hatchery  
  88  6:25  Zergling x4, Roach x3  
  92  6:26  Zergling x6  
  92  6:28  Overlord  
  92  6:31  Overlord  
  97  6:34  Roach x2  
  97  6:35  Roach  
  103  6:42  Overlord  
  103  6:46  Roach x2  
  105  6:54  Drone x2  
  105  6:55  Drone x5  
  105  6:59  Overlord  
  105  7:00  Drone x3  
  113  7:03  Centrifugal Hooks  
  113  7:05  Overseer  
  113  7:06  Overlord  
  113  7:09  Hatchery  
  113  7:10  Roach x3  
  113  7:13  Overlord  
  118  7:17  Infestation Pit, Ravager x2  
  118  7:18  Drone  
  120  7:23  Zergling x6  
  120  7:25  Drone x3  
  120  7:27  Drone  
  120  7:29  Overlord  
  127  7:31  Drone x2  
  127  7:33  Zergling x2  
  127  7:34  Zergling x2  
  131  7:38  Roach x2  
  131  7:42  Extractor  
  131  7:43  Drone  
  131  7:44  Drone  
  136  7:46  Roach  
  136  7:47  Ravager  
  136  7:48  Zergling x2  
  136  7:49  Baneling x3  
  136  7:50  Baneling  
  140  7:52  Drone  
  140  7:53  Overlord  
  140  7:54  Drone x3  
  140  7:55  Zergling x6  
  140  7:56  Hive  
  147  8:01  Zerg Ground Armor Level 2  
  147  8:08  Zergling x12  
  153  8:13  Zergling x8  
  153  8:16  Zergling x4  
  153  8:19  Queen  
  158  8:24  Baneling x5  
  158  8:25  Zergling x18, Baneling  
  167  8:29  Baneling x4  
  167  8:30  Overlord  
  167  8:33  Extractor x2, Overlord  
  165  8:38  Drone x2, Overlord x2  
  165  8:39  Overlord  
  167  8:44  Overlord x2  
  167  8:46  Baneling x5  
  167  8:47  Zergling x2  
  167  8:48  Zergling x4  
  167  8:58  Zerg Melee Weapons Level 1, Zergling x10  
  167  8:59  Zergling x12  
  173  9:04  Zergling x6  
  173  9:09  Zergling x6  
  180  9:10  Zergling x2  
  180  9:12  Zergling x4  
  180  9:15  Baneling x4  
  180  9:16  Overlord  
  182  9:17  Zergling x2  
  182  9:19  Baneling x2  
  182  9:20  Baneling x3  
  182  9:21  Zergling x4  
  182  9:22  Baneling  
  182  9:23  Baneling x2  
  185  9:26  Zergling x16  
  185  9:27  Zergling x4  
  185  9:28  Adrenal Glands  
  185  9:29  Viper  
  198  9:35  Zergling x2  
  198  9:38  Baneling x10  
  195  9:51  Ultralisk Cavern  
  195  9:52  Drone  
  195  9:54  Overlord  
  195  9:58  Overseer  
  190  10:01  Zergling x26  
  190  10:03  Hatchery  
  195  10:08  Zergling x10  
  195  10:10  Baneling x8  
  194  10:17  Zergling x10  
  197  10:34  Zergling x8  
  199  10:40  Baneling x10  
  199  10:46  Overlord  
  199  10:47  Chitinous Plating  
  199  10:49  Overlord  
  193  10:51  Zergling x2  
  193  10:52  Zergling x16  
  193  10:56  Zergling x2  
  196  10:57  Zergling x10  
  196  11:00  Baneling x3  
  161  11:15  Zergling x2, Ultralisk x5  
  161  11:16  Zergling x14  
  185  11:19  Drone x3  
  173  11:28  Ultralisk  
  173  11:29  Drone  
  173  11:30  Drone x5  
  181  11:35  Zerg Ground Armor Level 3  
  179  11:46  Zerg Melee Weapons Level 2  
  166  11:49  Zergling x4, Ultralisk x2  
  171  11:56  Drone  
  171  11:57  Drone x5  
  171  11:59  Ravager  
  171  12:00  Ravager x2  
  180  12:01  Baneling x2  
  180  12:06  Anabolic Synthesis  
  180  12:07  Zergling x2, Ultralisk  
  180  12:08  Zergling x12  
  192  12:15  Drone  
  192  12:16  Drone x3  
  192  12:18  Drone x3, Spore Crawler  
  192  12:19  Drone  
  192  12:20  Spine Crawler  
  198  12:29  Burrow  
  198  12:30  Overlord  
  197  12:39  Infestor  
  197  12:40  Zergling x4  
  197  12:50  Ravager x3  
  190  13:04  Zergling x4, Ultralisk x2  
  193  13:18  Hatchery  
  178  13:21  Ultralisk x3  
  178  13:22  Zergling x14  
  184  13:37  Ultralisk  
  184  13:38  Zergling x20  
  185  13:46  Zergling x8  
  163  14:03  Infestor x3  
  163  14:04  Zergling x12  
  163  14:06  Hatchery  
  163  14:07  Zergling x6  
  187  14:17  Zergling x18, Ultralisk x2  
  187  14:22  Zergling x4  
  196  14:24  Zergling x2  
  196  14:25  Zergling x4  
  196  14:28  Spine Crawler  
  196  14:29  Spore Crawler, Spine Crawler  
  196  14:30  Infestor  
  195  14:38  Zergling x12  
  197  14:53  Zergling x10  
  185  15:00  Zergling x2  
  185  15:01  Zergling x22  
  182  15:27  Drone  
  192  15:30  Spine Crawler x4  
Show
View Real Time Build Order
Export as new Build Order

MaSa Terran 

Build Orders: Gas First Reaper Expand 

Get SALT Encoding   

  12  0:00  SCV  
  13  0:12  SCV  
  14  0:17  Supply Depot  
  14  0:24  SCV  
  14  0:27  Refinery  
  15  0:39  SCV  
  16  0:44  Barracks  
  16  0:51  SCV  
  17  1:03  SCV  
  18  1:15  SCV  
  19  1:31  Orbital Command, Reaper  
  20  1:41  Command Center  
  20  1:51  Factory  
  20  1:57  SCV  
  21  2:06  Barracks Reactor, Supply Depot  
  21  2:09  SCV  
  21  2:14  Refinery  
  22  2:21  SCV  
  23  2:33  SCV  
  24  2:40  Starport  
  24  2:45  Hellion x2  
  24  2:47  Barracks Tech Lab  
  24  2:49  SCV  
  29  2:52  Orbital Command  
  29  3:01  SCV  
  30  3:07  Cyclone  
  30  3:09  Cyclone  
  34  3:13  SCV  
  34  3:15  Barracks Tech Lab  
  34  3:18  SCV  
  36  3:25  SCV  
  37  3:28  Banshee  
  37  3:31  SCV  
  37  3:37  SCV  
  37  3:41  Marine  
  37  3:44  SCV  
  37  3:47  Stimpack, Supply Depot  
  39  3:51  SCV  
  39  3:53  Hellion x2  
  44  3:56  SCV  
  45  4:03  SCV  
  46  4:10  SCV  
  46  4:11  Banshee  
  46  4:15  Supply Depot  
  50  4:22  Command Center  
  50  4:23  SCV  
  50  4:24  SCV  
  52  4:31  Supply Depot  
  52  4:35  SCV  
  52  4:36  Factory Tech Lab, SCV  
  52  4:37  Factory Reactor  
  54  4:39  Barracks  
  54  4:47  SCV  
  54  4:48  SCV  
  56  4:55  Marine  
  56  4:59  SCV  
  58  5:00  SCV  
  58  5:02  Engineering Bay  
  58  5:03  Engineering Bay  
  58  5:05  Starport Reactor  
  58  5:11  SCV  
  58  5:12  SCV  
  60  5:15  Marine  
  61  5:22  Siege Tank  
  61  5:23  SCV  
  61  5:24  SCV  
  66  5:28  Barracks, Marine x2  
  66  5:33  Marine  
  69  5:35  SCV  
  69  5:36  Orbital Command, SCV  
  69  5:39  Terran Infantry Weapons Level 1  
  69  5:40  Refinery  
  69  5:41  Terran Infantry Armor Level 1  
  71  5:48  SCV x2  
  73  5:54  Marine x3  
  73  5:55  Siege Tank  
  79  5:59  Supply Depot  
  79  6:00  SCV  
  79  6:01  SCV  
  79  6:02  SCV  
  82  6:04  Refinery  
  82  6:12  Marine x2, SCV  
  82  6:14  Barracks  
  82  6:16  Barracks  
  82  6:17  Combat Shield  
  85  6:18  Orbital Command  
  85  6:21  Medivac, SCV  
  85  6:23  Marine x3  
  85  6:24  SCV  
  92  6:27  Supply Depot  
  92  6:28  Supply Depot  
  92  6:30  Marine  
  93  6:48  Siege Tank, SCV x3, Marine x2  
  93  6:50  Medivac, Marine  
  104  6:58  Marine x2  
  104  7:00  SCV x3  
  101  7:02  Supply Depot  
  101  7:03  Medivac  
  101  7:06  Marine x2  
  101  7:07  Supply Depot  
  101  7:08  Supply Depot  
  105  7:11  Bunker  
  105  7:13  SCV  
  105  7:14  Barracks Reactor  
  105  7:15  Barracks Tech Lab  
  106  7:16  Marauder  
  106  7:17  Marine  
  109  7:23  SCV x2  
  109  7:27  SCV  
  109  7:28  Marine x2  
  114  7:35  SCV x2  
  114  7:37  Refinery  
  116  7:38  Supply Depot, Marine x2  
  116  7:39  Supply Depot, Concussive Shells  
  116  7:40  Marauder, Marine  
  116  7:43  Medivac  
  123  7:46  Medivac  
  123  7:50  SCV x3  
  128  7:53  Armory  
  128  7:56  Marine x3  
  131  7:58  Marine x2  
  131  8:04  Factory, SCV  
  134  8:09  Marine x2  
  134  8:10  Marauder  
  138  8:14  Marine  
  135  8:21  Siege Tank, Marine x3  
  135  8:23  SCV  
  135  8:24  SCV  
  135  8:25  Marine  
  144  8:27  Medivac x2  
  144  8:33  Supply Depot  
  148  8:36  Supply Depot  
  148  8:37  Supply Depot  
  148  8:41  Marine  
  149  8:48  Factory Tech Lab  
  149  8:49  Supply Depot  
  149  8:52  Supply Depot  
  149  8:54  SCV x2, Marine x2  
  149  8:55  Marauder x2  
  157  8:57  Siege Tank, Medivac x2  
  164  9:04  Terran Infantry Weapons Level 2  
  164  9:11  Supply Depot  
  164  9:12  Supply Depot  
  164  9:13  Command Center  
  164  9:14  Marine x2  
  164  9:15  Marine x4  
  164  9:16  Marauder x2  
  174  9:21  Terran Infantry Armor Level 2  
  172  9:31  Marine  
  172  9:32  Siege Tank, Marine x2  
  172  9:33  Marine x3  
  172  9:36  Medivac  
  172  9:37  Marauder  
  176  9:47  Marauder  
  176  9:49  Marine  
  176  9:50  Marine x4  
  183  9:59  Marauder  
  181  10:01  Marine  
  181  10:03  Siege Tank  
  184  10:07  Medivac, Marine  
  184  10:08  Marine x3  
  184  10:09  Marauder  
  185  10:16  Marine  
  185  10:19  Marine  
  185  10:20  Marauder  
  189  10:25  Marine x2  
  189  10:26  Marine x2  
  193  10:29  Siege Tank  
  193  10:30  Marauder  
  193  10:33  Marine  
  199  10:37  Marine  
  197  10:43  Marine x2  
  197  10:44  Marine  
  200  10:51  Marine  
  200  10:52  Marauder  
  200  10:53  Command Center  
  200  10:54  Marine  
  200  10:56  Siege Tank  
  194  11:00  Marine x3  
  194  11:01  Liberator, Marine  
  193  11:05  Marine  
  193  11:09  Marine  
  193  11:10  Siege Tank  
  165  11:12  Marine  
  165  11:13  Marauder  
  165  11:17  Liberator  
  165  11:18  Marauder, Marine x2  
  153  11:19  Marine  
  153  11:21  Terran Vehicle Weapons Level 1  
  153  11:22  Marine  
  143  11:27  Marine  
  143  11:28  Siege Tank  
  143  11:30  Barracks, Marine  
  141  11:34  Marine  
  141  11:36  Marine x2  
  141  11:37  Planetary Fortress, Marine  
  147  11:40  Marine, Marauder  
  147  11:44  Liberator  
  147  11:45  Marine  
  137  11:48  Marine  
  137  11:52  Marauder  
  137  11:53  Marine  
  136  11:54  Marine x2  
  136  11:58  Marine  
  136  12:01  Marine  
  140  12:03  Marine  
  140  12:04  Barracks  
  140  12:05  Barracks  
  140  12:06  Marine  
  141  12:11  Marine  
  141  12:12  Marine x2, Refinery  
  141  12:14  Marauder  
  141  12:15  Siege Tank x2  
  151  12:16  Marine  
  151  12:18  Marine  
  151  12:20  Marine  
  151  12:22  Missile Turret, Refinery  
  154  12:23  Marine  
  154  12:25  Refinery  
  154  12:29  Marine  
  156  12:33  Terran Infantry Weapons Level 3  
  156  12:35  Marauder  
  155  12:40  Marauder, Marine x2  
  155  12:43  Marine x3  
  159  12:47  Siege Tank x2  
  159  12:56  Marauder  
  159  12:57  Marine  
  159  12:58  Marine x2  
  148  13:02  Marauder  
  148  13:04  Marine  
  148  13:05  Marine x2  
  125  13:15  Marine  
  125  13:16  Marine x2  
  125  13:18  Marauder  
  125  13:19  Siege Tank  
  120  13:22  Marine  
  120  13:24  Marauder, Marine x2  
  110  13:33  Marine x2  
  110  13:34  Marine  
  97  13:39  Marine  
  97  13:40  Marine  
  81  13:41  Marine x2  
  78  13:51  Planetary Fortress  
  75  14:02  Factory Tech Lab  
  75  14:03  SCV x3  
  75  14:09  Marine  
  81  14:10  Marauder  
  81  14:15  Siege Tank, SCV  
  85  14:20  Liberator, SCV  
  89  14:34  Marauder x2, Marine x2  
  89  14:35  SCV x3  
  89  14:37  Siege Tank  
  101  14:43  Marine  
  98  14:47  Marine, SCV  
  98  14:48  Marine  
  98  14:49  Marine  
  98  14:50  Marine  
  98  14:51  Marine  
  98  14:52  Marine  
  105  14:55  Orbital Command  
  105  14:56  Marauder  
  100  15:00  SCV x2  
  100  15:02  Marine x3  
  100  15:03  Marauder  
  100  15:05  Marine  
  100  15:06  Orbital Command  
  99  15:12  Marine  
  85  15:17  Marauder  
  82  15:22  SCV  
  82  15:23  SCV  
Tags
 
Add a new tag
Caveats
  • Supply blocks, unpowered buildings, or Contaminate may cause inaccurate times.
  • Supply counts are checked every 10 seconds.